 Dungeon Crawl Stone Soup version 0.23.2 (webtiles) character file.

Game seed: 3042931798634458324

71 Jaera the Digger (level 4, -19/37 HPs)
             Began as a Deep Dwarf Earth Elementalist on Apr 4, 2019.
             Was an Initiate of Dithmenos.
             Demolished by an angel
             ... wielding a +3 whip of holy wrath
             ... created by the Shining One
              (22 damage)
             ... on level 2 of the Dungeon.
             The game lasted 00:14:37 (1359 turns).

Jaera the Digger (Deep Dwarf Earth Elementalist)    Turns: 1359, Time: 00:14:39

Health: -19/37     AC:  2    Str: 11    XL:     4   Next: 5%
Magic:  5/5        EV: 13    Int: 17    God:    Dithmenos [......]
Gold:   76         SH:  2    Dex: 13    Spells: 1/7 levels left

rFire    . . .     SeeInvis .   p - +3 mace
rCold    . . .     Gourm    .   (no shield)
rNeg     . . .     Faith    .   o - +0 robe
rPois    .         Spirit   .   (no helmet)
rElec    .         Reflect  +   (no cloak)
rCorr    .         Harm     .   (no gloves)
MR       .....                  (no boots)
Stlth    +.........             e - +2 amulet of reflection
HPRegen  0.00/turn              (no ring)
MPRegen  0.09/turn              (no ring)

@: non-regenerating, glowing
A: damage resistance, heal wounds, sense surroundings 1, no regeneration
a: Heal Wounds, Renounce Religion


You were on level 2 of the Dungeon.
You worshipped Dithmenos.
Dithmenos was noncommittal.
You were not hungry.

You visited 1 branch of the dungeon, and saw 2 of its levels.

You collected 76 gold pieces.

Inventory:

Hand Weapons
 a - a +2 hand axe of chopping
 g - a +0 spear
 k - a +0 short sword
 p - a +3 mace (weapon)
 r - a +0 spear
Missiles
 b - 51 stones (quivered)
 i - 14 bolts
 q - 10 sling bullets
Armour
 c - a +0 robe
 n - a +0 large shield
 o - a +0 robe (worn)
Jewellery
 e - a +2 amulet of reflection (around neck)
Scrolls
 l - a scroll of noise
 m - a scroll of remove curse
Potions
 h - a potion of might {unknown}
 j - 2 potions of curing {unknown}
Comestibles
 d - 2 rations
 f - 2 chunks of flesh


   Skills:
 + Level 0.7 Fighting
 + Level 0.7(1.2) Axes
 + Level 1.2(1.3) Maces & Flails
 + Level 0.1 Throwing
 + Level 2.6 Dodging
 + Level 2.8 Stealth
 + Level 2.0 Spellcasting
 + Level 0.8 Transmutations
 + Level 5.0 Earth Magic


You had one spell level left.
You knew the following spells:

 Your Spells              Type           Power        Failure   Level  Hunger
a - Sandblast             Erth           ###...       2%          1    #......
b - Stone Arrow           Conj/Erth      ##....       21%         3    ###....
c - Passwall              Tmut/Erth      ##......     9%          2    ###....

Your spell library contained the following spells:

 Spells                   Type           Power        Failure   Level  Hunger
 Petrify                  Tmut/Erth      ##......     50%         4    #####..
 Lee's Rapid Deconstruct  Erth           ###.......   56%         5    ######.


Dungeon Overview and Level Annotations

Branches:
Dungeon (2/15)

Altars:
Dithmenos
The Shining One


Innate Abilities, Weirdness & Mutations

You are resistant to damage.
You can heal yourself by infusing magical energy.
You passively map a small area around you.
You do not regenerate.


Message History

Press: ? - help, Shift-Dir - straight line, f/p - kobold
Aim: a kobold You throw a stone.
The stone hits the kobold but does no damage.
The Shining One sends the divine host to punish you for your evil ways!
An angel comes into view. It is wielding a +3 whip of holy wrath.
Unknown command.
You miss the angel. The kobold hits you.
You miss the angel. The kobold barely misses you.
The angel hits you with a +3 whip of holy wrath!
The angel hits you with a +3 whip of holy wrath.
The kobold hits you.
You hit the angel.
The angel is lightly wounded.
The angel hits you with a +3 whip of holy wrath!!
The angel hits you with a +3 whip of holy wrath!
* * * LOW HITPOINT WARNING * * *
The angel hits you with a +3 whip of holy wrath!!
Ouch! That really hurt!
You die...

.
#................###......#
#
###......#..##.#..#####.###
#####.......#.##..........#
...##..###..<.##..######..#
...##.## #....#..## #..#
.....÷# #.......# #..#
...##.# #.....#.# ##.#
.####.# #.......# #.# * *
.# #.# ...#..A@#* #.. , .#
..# *..##..K...# * .. .#
.## . ##(.##..# ### .# .
*.... *#...#####.# * .# ..*
..... .#.#..♣#.# .##
#...... , ###...#P♣#. ..# *
#(..... , #....#.8#.# #.# *
* #...... #._..'..#.. #.#,
, * #.PP.#.P##.#


You could see an angel and a kobold.

Vanquished Creatures
  3 adders (D:2)
  2 oozes (D:1)
  2 worms (D:2)
  5 bats
  2 giant cockroaches (D:1)
  2 goblins
  2 hobgoblins (D:1)
  5 jackals
  3 kobolds
  2 frilled lizards
  3 rats
31 creatures vanquished.

Notes
Turn   | Place    | Note
-------+----------+-------------------------------------------
     0 | D:1      | Jaera the Deep Dwarf Earth Elementalist began the quest for
                  | the Orb.
     0 | D:1      | Reached XP level 1. HP: 15/15 MP: 3/3
   131 | D:1      | Reached XP level 2. HP: 22/22 MP: 4/4
   905 | D:2      | Reached XP level 3. HP: 26/28 MP: 5/5
   918 | D:2      | Learned a level 3 spell: Stone Arrow
   925 | D:2      | Learned a level 2 spell: Passwall
   932 | D:2      | Found a faded altar of an unknown god.
   937 | D:2      | Became a worshipper of the Shining One
   937 | D:2      | Reached * piety under the Shining One
  1043 | D:2      | Reached skill level 5 in Earth Magic
  1247 | D:2      | Found a shadowy altar of Dithmenos.
  1252 | D:2      | Reached skill level 1 in Maces & Flails
  1269 | D:2      | Fell from the grace of the Shining One
  1269 | D:2      | Became a worshipper of Dithmenos the Shadowed
  1295 | D:2      | Reached XP level 4. HP: 37/37 MP: 1/5
  1357 | D:2      | Noticed an angel
  1359 | D:2      | Demolished by an angel

Skill      XL: |  1  2  3 |
---------------+----------+-----
Spellcasting   | 2 |  2.0
Earth Magic    | 5 |  5.0
Maces & Flails | 1 |  1.2
Fighting       | |  0.7
Axes           | |  0.7
Throwing       | |  0.1
Dodging        | |  2.6
Stealth        | |  2.8
Transmutations | |  0.8

Action                   |  1- 3 |  4- 6 || total
-------------------------+-------+-------++-------
Melee: Hand axe          |    61 |       ||    61
       Mace              |    17 |     5 ||    22
Throw: Stone             |     8 |     7 ||    15
 Cast: Sandblast         |     4 |       ||     4
       Passwall          |     1 |       ||     1
       Stone Arrow       |       |     1 ||     1
 Abil: Heal Wounds       |     2 |       ||     2
  Use: Scroll            |     4 |       ||     4
 Stab: Sleeping          |     3 |       ||     3
  Eat: Chunk             |     1 |     1 ||     2
Armor: Robe              |    13 |       ||    13
Dodge: Dodged            |    48 |     4 ||    52
Block: Other             |     2 |       ||     2
